 Dungeon Crawl Stone Soup version 0.24-a0-446-g87df7205b4 (webtiles) character file.

Game seed: 8280590377092655044

12895 ivs the Basher (level 12, -3/61 HPs)
             Began as a Vine Stalker Fighter on June 25, 2019.
             Was an Elder of Makhleb.
             Killed from afar by a fire dragon (32 damage)
             ... with a blast of flame
             ... on level 14 of the Dungeon.
             The game lasted 00:55:11 (4541 turns).

ivs the Basher (Vine Stalker Fighter)               Turns: 4541, Time: 00:55:11

Health: -3/61      AC: 13    Str: 25    XL:     12   Next: 0%
Magic:  0/18       EV:  3    Int:  8    God:    Makhleb [****..]
Gold:   578        SH: 19    Dex: 13    Spells: 5/11 levels left

rFire    . . .     SeeInvis .   a - +3 flail (venom)
rCold    . . .     Gourm    .   d - +2 large shield
rNeg     . . .     Faith    .   v - +0 plate armour
rPois    +         Spirit   +   (no helmet)
rElec    .         Reflect  .   j - +1 cloak
rCorr    .         Harm     .   (no gloves)
MR       +....                  (no boots)
Stlth    ..........             (no amulet)
HPRegen  1.00/turn              P - ring of poison resistance
MPRegen  0.16/turn              (no ring)

@: hasted, very quick
A: fangs 3, regeneration 2, magic shield, antimagic bite, no potion heal 3, rot
immunity
a: Minor Destruction, Lesser Servant of Makhleb, Major Destruction, Renounce
Religion


You were on level 14 of the Dungeon.
You worshipped Makhleb.
Makhleb was greatly pleased with you.
You were not hungry.

You visited 2 branches of the dungeon, and saw 16 of its levels.
You also visited: Ice Cave.

You collected 578 gold pieces.

Inventory:

Hand Weapons
 a - a +3 flail of venom (weapon)
Missiles
 r - 10 poisoned darts (quivered)
Armour
 d - a +2 large shield (worn)
 j - a +1 cloak (worn)
 v - a +0 plate armour (worn)
Magical Staves
 k - an uncursed staff of power
Jewellery
 P - a ring of poison resistance (left hand)
Wands
 e - a wand of polymorph (7)
 u - a wand of flame (21)
 y - a wand of acid (4)
 A - a wand of disintegration (8)
 B - a wand of iceblast (10)
Scrolls
 h - 6 scrolls of remove curse
 i - a scroll of noise {unknown}
 m - 3 scrolls of amnesia
 o - 2 scrolls of enchant weapon {unknown}
 p - 2 scrolls of silence {unknown}
 q - 2 scrolls of fog {unknown}
 s - a scroll of blinking {unknown}
 t - a scroll of vulnerability {unknown}
 w - a scroll of teleportation {unknown}
Potions
 b - a potion of magic {unknown}
 c - a potion of lignification
 g - 4 potions of curing
 l - a potion of haste
 x - 2 potions of ambrosia {unknown}
 z - a potion of experience {unknown}
Comestibles
 f - 16 rations
 n - 3 chunks of flesh


   Skills:
 - Level 6.0 Fighting
 + Level 12.4 Maces & Flails
 - Level 2.4 Armour
 + Level 7.7 Shields
 - Level 7.0 Invocations
 - Level 4.2 Evocations


You had 5 spell levels left.
You knew the following spells:

 Your Spells              Type           Power        Failure   Level  Hunger
a - Animate Skeleton      Necr           N/A          100%        1    ##.....
b - Blink                 Tloc           N/A          100%        2    ###....
r - Regeneration          Chrm/Necr      #.........   100%        3    ####...

Your spell library contained the following spells:

 Spells                   Type           Power        Failure   Level  Hunger
 Apportation              Tloc           #.....       100%        1    ##.....
 Confusing Touch          Hex            #.....       100%        1    ##.....
 Infusion                 Chrm           #...         100%        1    ##.....
 Magic Dart               Conj           #...         100%        1    ##.....
 Summon Small Mammal      Summ           #...         100%        1    ##.....
 Call Imp                 Summ           #.......     100%        2    ###....
 Shroud of Golubria       Chrm/Tloc      #.....       100%        2    ###....
 Slow                     Hex            #.......     100%        2    ###....
 Song of Slaying          Chrm           #.......     100%        2    ###....
 Conjure Flame            Conj/Fire      #.......     100%        3    ####...
 Mephitic Cloud           Conj/Pois/Air  #.......     100%        3    ####...
 Spectral Weapon          Hex/Chrm       #.......     100%        3    ####...


Dungeon Overview and Level Annotations

Branches:
Dungeon (15/15)            Temple (1/1) D:6            Lair (0/6) D:11
    Orc (0/2) D:12
 Vaults: D:13-14     Depths: D:15

Altars:
Ashenzari
Cheibriados
Dithmenos
Elyvilon
Fedhas
Gozag
Hepliaklqana
Kikubaaqudgha
Makhleb
Nemelex Xobeh
Okawaru
Ru
Sif Muna
Trog
Uskayaw
Vehumet
Wu Jian
Xom
Yredelemnul
Zin
The Shining One

Shops:
D:11 %

Annotations:
D:6 3 runed translucent doors, forest's ghost, novice SpAs


Innate Abilities, Weirdness & Mutations

You have razor-sharp teeth.
You heal very quickly.
When hurt, damage is shared between your health and your magic reserves.
Your bite disrupts and absorbs the magic of your enemies.
Potions cannot restore your health.
You are immune to rotting.


Message History

You closely miss the fire dragon. Your bite misses the fire dragon.
The fire dragon is lightly wounded.
You block the fire dragon's attack. x3
You sock the fire dragon! You bite the fire dragon. You drain its power.
You feel invigorated.
The fire dragon is moderately wounded.
You thump the fire dragon!
The fire dragon is moderately wounded.
The fire dragon bites you but does no damage.
The fire dragon claws you! You block the fire dragon's attack.
You hit the fire dragon but do no damage.
The fire dragon is poisoned.
You bite the fire dragon, but do no damage.
The fire dragon is moderately wounded.
You sock the fire dragon! Your bite misses the fire dragon.
The fire dragon is heavily wounded.
The fire dragon breathes flames at you. The blast of flame hits you!!!
Ouch! That really hurt!
You die...

.##...#.....#####
D....####### ....#
...# ..# #.#
######### ##.#
........###..#
#@D.).## #3#####
#÷# #.### #.†.#
###.##############
#...............
################


You could see a fire dragon and a friendly smoke demon.

Vanquished Creatures
  2 two-headed ogres
  An ugly thing (D:11)
  A deep elf mage (D:11)
  Joseph (D:9)
  A gargoyle (D:12)
  2 komodo dragons
  A yaktaur (shapeshifter) (D:14)
  An efreet (D:14)
  Grinder (D:6)
  3 hippogriffs
  A vampire (D:14)
  11 yaks
  A wyvern (D:11)
  7 vampire mosquitoes
  A hungry ghost (D:11)
  Edmund (D:5)
  2 water moccasins
  3 sky beasts
  7 orc warriors
  4 ice beasts
  A hornet zombie (D:12)
  A phantom (D:7)
  4 ogres
  4 centaurs
  A wolf (IceCv)
  2 big kobolds
  Blork the orc (D:5)
  A wyvern zombie (D:7)
  4 bullfrogs
  A wyvern skeleton (D:10)
  3 scorpions
  6 killer bees (D:11)
  4 howler monkeys
  An electric eel (D:9)
  A bullfrog zombie (D:12)
  2 centaur zombies (D:11)
  2 crimson imps
  3 bullfrog skeletons
  A centaur skeleton (D:10)
  7 hounds
  A jelly (D:11)
  6 orc wizards
  5 orc priests
  Crazy Yiuf (D:5)
  2 iguanas
  4 worker ants
  3 gnolls (D:9)
  5 adders
  A shadow imp (D:6)
  A worm (D:3)
  2 dart slugs (D:4)
  2 leopard geckos (D:3)
  32 orcs
  6 giant cockroaches
  2 hobgoblins
  3 quokkas
  4 bats
  A frilled lizard (D:2)
  A giant cockroach zombie (D:5)
  A goblin (D:1)
  10 kobolds
  4 rats
199 creatures vanquished.

Vanquished Creatures (collateral kills)
  An orc knight (D:12)
  An orc warrior (D:12)
  2 wolves (IceCv)
  A bullfrog skeleton (D:12)
  An orc (D:12)
6 creatures vanquished.

Vanquished Creatures (others)
  2 plants (D:11)
2 creatures vanquished.

Grand Total: 207 creatures vanquished

Notes
Turn   | Place    | Note
-------+----------+-------------------------------------------
     0 | D:1      | ivs the Vine Stalker Fighter began the quest for the Orb.
     0 | D:1      | Reached XP level 1. HP: 11/11 MP: 2/2
   217 | D:1      | Reached skill level 2 in Maces & Flails
   330 | D:2      | Found a burning altar of Makhleb.
   332 | D:2      | Noticed a balrug
   336 | D:2      | Reached XP level 2. HP: 12/16 MP: 3/3
   339 | D:2      | Noticed a hellwing
   339 | D:2      | Noticed a neqoxec
   341 | D:2      | Became a worshipper of Makhleb the Destroyer
   470 | D:2      | Reached skill level 3 in Maces & Flails
   470 | D:2      | Reached XP level 3. HP: 11/19 MP: 4/4
   557 | D:2      | Found a hazy altar of Hepliaklqana.
   557 | D:2      | Found a glowing golden altar of the Shining One.
   557 | D:2      | Found a shattered altar of Ashenzari.
   557 | D:2      | Found a white marble altar of Elyvilon.
   651 | D:4      | Learned a level 1 spell: Animate Skeleton
   663 | D:4      | Noticed a scorpion
   675 | D:4      | Killed a scorpion
   675 | D:4      | Reached skill level 4 in Maces & Flails
   675 | D:4      | Gained mutation: Your natural rate of healing is unusually
                  | fast. [Vine Stalker growth]
   675 | D:4      | Reached XP level 4. HP: 10/23 MP: 5/5
   928 | D:3      | Reached XP level 5. HP: 27/27 MP: 6/6
   941 | D:3      | Found a shimmering altar of Xom.
   972 | D:5      | Entered Level 5 of the Dungeon
   972 | D:5      | Noticed a centaur
   988 | D:4      | Noticed an ogre
  1049 | D:4      | Killed an ogre
  1049 | D:4      | Reached * piety under Makhleb
  1108 | D:4      | Reached XP level 6. HP: 30/32 MP: 5/7
  1164 | D:5      | Noticed Blork the orc
  1184 | D:5      | Reached skill level 5 in Maces & Flails
  1208 | D:5      | Killed Blork the orc
  1214 | D:6      | Found a runed translucent gate.
  1214 | D:6      | Found a runed translucent gate.
  1214 | D:6      | Found a runed translucent gate.
  1214 | D:6      | Noticed forest's ghost (novice SpAs)
  1222 | D:6      | Noticed a black bear
  1229 | D:6      | Found a staircase to the Ecumenical Temple.
  1238 | Temple   | Entered the Ecumenical Temple
  1252 | D:6      | Noticed Grinder
  1330 | D:5      | Reached XP level 7. HP: 29/35 MP: 6/8
  1370 | D:5      | Found a bloodstained altar of Trog.
  1374 | D:5      | Noticed Edmund
  1388 | D:5      | Killed Edmund
  1401 | D:5      | Found a burning altar of Makhleb.
  1424 | D:5      | Reached skill level 6 in Maces & Flails
  1424 | D:5      | Reached skill level 5 in Shields
  1480 | D:5      | Found a runed translucent door.
  1481 | D:5      | Noticed Crazy Yiuf
  1487 | D:5      | Killed Crazy Yiuf
  1564 | D:6      | Killed Grinder
  1564 | D:6      | Gained mutation: You have razor-sharp teeth. [Vine Stalker
                  | growth]
  1564 | D:6      | Reached XP level 8. HP: 19/39 MP: 5/9
  1738 | D:7      | Reached skill level 7 in Maces & Flails
  1835 | D:7      | Reached ** piety under Makhleb
  1872 | D:7      | Reached skill level 1 in Invocations
  1990 | D:8      | Reached XP level 9. HP: 44/44 MP: 10/12
  2186 | D:8      | Reached skill level 8 in Maces & Flails
  2465 | D:9      | Reached skill level 5 in Invocations
  2519 | D:9      | Noticed Joseph
  2539 | D:9      | Killed Joseph
  2539 | D:9      | Reached skill level 9 in Maces & Flails
  2658 | D:9      | Reached *** piety under Makhleb
  2844 | D:10     | Entered Level 10 of the Dungeon
  2880 | D:10     | Reached skill level 5 in Fighting
  2884 | D:10     | Learned a level 2 spell: Blink
  2935 | D:10     | Reached XP level 10. HP: 51/51 MP: 14/14
  3277 | D:11     | Reached skill level 10 in Maces & Flails
  3302 | D:11     | Found Xyustoymn's Food Boutique.
  3419 | D:11     | Reached **** piety under Makhleb
  3421 | D:11     | Reached skill level 1 in Evocations
  3463 | D:11     | Found a frozen archway.
  3536 | IceCv    | Entered an ice cave
  3571 | D:11     | Found a staircase to the Lair.
  3596 | D:11     | Reached skill level 11 in Maces & Flails
  3596 | D:11     | Reached XP level 11. HP: 40/55 MP: 8/15
  3609 | D:11     | Noticed a cyan ugly thing
  3611 | D:11     | Noticed a cyan ugly thing
  3637 | D:11     | Killed a cyan ugly thing
  3681 | D:11     | Noticed a cyclops
  3790 | D:12     | Learned a level 3 spell: Regeneration
  3835 | D:12     | Noticed a two-headed ogre
  3849 | D:12     | Killed a two-headed ogre
  3886 | D:12     | Noticed an orc knight
  3912 | D:12     | Killed an orc knight
  3922 | D:12     | Found a staircase to the Orcish Mines.
  4094 | D:11     | Noticed a two-headed ogre
  4111 | D:11     | Killed a two-headed ogre
  4121 | D:11     | Reached skill level 12 in Maces & Flails
  4133 | D:11     | Found an iron altar of Okawaru.
  4133 | D:11     | Noticed a deep elf mage
  4143 | D:11     | Killed a deep elf mage
  4278 | D:15     | Entered Level 15 of the Dungeon
  4460 | D:14     | Reached ***** piety under Makhleb
  4513 | D:14     | Gained mutation: You heal very quickly. [Vine Stalker
                  | growth]
  4513 | D:14     | Reached XP level 12. HP: 61/61 MP: 18/18
  4523 | D:14     | Noticed a fire dragon
  4541 | D:14     | Killed from afar by a fire dragon

Levels and vault maps discovered:
D:1:      shiori_arrival_elements, layout_basic
D:2:      layout_loops_ring, nicolae_overflow_hidden_temple,
          makhleb_altar_promises_db
D:3:      minmay_chambers_of_threes, layout_basic,
          lemuel_coloured_pillars_altar, first_ration, minmay_door_square,
          due_unseen_surprise
D:4:      layout_loops_corners, serial_glass, glass_columns_b, glass_columns_c,
          glass_columns_b, glass_columns_b, glass_columns_a, glass_columns_a,
          glass_columns_b, glass_columns_c
D:5:      layout_rooms, nicolae_overflow_crystal_walls, basic_altar,
          minmay_holes, st_stairs_1,
          nicolae_gozag_cash_rules_everything_around_me, uniq_edmund,
          uniq_blork_the_orc, uniq_crazy_yiuf_cottage
D:6:      layout_loops_cross, minmay_temple_entry_large_hall,
          gammafunk_ghost_split, kennysheep_okawaru_gauntlet, uniq_grinder
D:7:      layout_basic
D:8:      layout_basic
D:9:      layout_basic, serial_rivers, chequers_serial_rivers_micro_e,
          chequers_serial_rivers_micro_b, chequers_serial_rivers_micro_a,
          chequers_serial_rivers_small_b, chequers_serial_rivers_micro_e,
          chequers_serial_rivers_small_3, uniq_joseph
D:10:     layout_irregular_city, ploomutoo_gammafunk_ghost_potion_laboratory,
          serial_shops, nicolae_shop_behind_doors, blue_anna_alchemist
          [blue_anna_fruit_fields, blue_anna_fruit_fields]
D:11:     layout_rooms, david_lair_shrubbed, serial_shops, shop, serial_curves,
          eino_curves_04, eino_curves_04, eino_curves_02,
          portal_ice_cave_entry_pillars_1, david_defended_altar_elf
D:12:     layout_roguey, orc_david_3
D:13:     layout_cross, david_vaults_5
D:14:     minmay_blocking_statues, layout_basic, hangedman_decor_slide_cut,
          grunt_ministairs_10
D:15:     gammafunk_depths_entry_grave, layout_rooms, serial_shops,
          nicolae_shop_overgrown_old_shop, shop, shop, minivault_26
Temple:   minmay_freezing_vapour_temple

Skill      XL: |  1  2  3  4  5  6  7  8  9 10 11 |
---------------+----------------------------------+-----
Maces & Flails | 2 3 4 5 6 7 9 11 12 | 12.4
Shields        | 3 4 5 6 7 |  7.7
Fighting       | 3 5 6 |  6.0
Invocations    | 3 5 7 |  7.0
Evocations     | 4 |  4.2
Armour         | |  2.4

Action                   |  1- 3 |  4- 6 |  7- 9 | 10-12 || total
-------------------------+-------+-------+-------+-------++-------
Melee: Flail             |    69 |   108 |   230 |   386 ||   793
       Bite              |    13 |    21 |    73 |   146 ||   253
Throw: Dart              |       |       |     5 |     2 ||     7
Invok: Minor Destruction |       |       |     9 |    12 ||    21
       Lesser Servant of |       |       |       |     3 ||     3
       Major Destruction |       |       |       |     2 ||     2
Evoke: Wand              |       |       |       |     5 ||     5
  Use: Potion            |     3 |     2 |       |     3 ||     8
       Scroll            |       |       |     7 |     1 ||     8
 Stab: Distracted        |       |       |       |     1 ||     1
  Eat: Chunk             |       |     2 |     5 |     8 ||    15
Armor: Scale mail        |    29 |    16 |    15 |       ||    60
       Skin              |       |    19 |       |       ||    19
       Plate armour      |       |       |    26 |   106 ||   132
Dodge: Dodged            |    21 |     7 |    12 |    16 ||    56
Block: Shield            |    32 |       |       |       ||    32
       Large shield      |       |    84 |   166 |   298 ||   548

Table legend:
 A = Non-vault XP
 B = Vault XP
 C = Vault XP percentage of total XP
 D = Non-vault monster count
 E = Vault monster count
 F = Vault count percentage of total count
                 A         B        C        D         E       F
            +---------+---------+-------+---------+---------+-------
      Total |   13720 |    4702 |  25.5 |     182 |      23 |  11.2
            +---------+---------+-------+---------+---------+-------
        D:1 |       7 |       0 |   0.0 |       6 |       0 |   0.0
        D:2 |      36 |       0 |   0.0 |       9 |       0 |   0.0
        D:3 |      32 |       0 |   0.0 |      13 |       0 |   0.0
        D:4 |     259 |       0 |   0.0 |       8 |       0 |   0.0
        D:5 |     168 |     404 |  70.6 |       6 |       4 |  40.0
        D:6 |     282 |     272 |  49.1 |       6 |       1 |  14.3
        D:7 |     790 |       0 |   0.0 |      13 |       0 |   0.0
        D:8 |    1113 |       0 |   0.0 |      22 |       0 |   0.0
        D:9 |     585 |     455 |  43.8 |      16 |       1 |   5.9
       D:10 |     915 |     104 |  10.2 |      17 |       1 |   5.6
       D:11 |    5544 |     909 |  14.1 |      36 |       2 |   5.3
       D:12 |    2754 |     920 |  25.0 |      23 |       6 |  20.7
       D:14 |    1235 |    1333 |  51.9 |       7 |       5 |  41.7
      IceCv |       0 |     305 | 100.0 |       0 |       3 | 100.0
            +---------+---------+-------+---------+---------+-------
